 Dungeon Crawl Stone Soup version 0.27-a0-1071-ga85bd9520d (webtiles) character file.

Game seed: 9988158091980515998

6426 Matador8 the Envoy of Void (level 10, -4/80 HPs)
             Began as a Demonspawn Abyssal Knight on Apr 24, 2021.
             Was a High Priest of Lugonu.
             Slain by a yak (13 damage)
             ... on level 9 of the Dungeon.
             The game lasted 01:03:05 (10176 turns).

Matador8 the Envoy of Void (DsAK)                  Turns: 10176, Time: 01:03:06

Health: -4/80      AC: 10    Str: 15    XL:     10   Next: 67%
Magic:  17/17      EV: 14    Int: 14    God:    Lugonu [*****.]
Gold:   236        SH:  0    Dex: 25    Spells: 9/9 levels left

rFire    . . .     SeeInvis .   w - +2 long sword (vorpal)
rCold    . . .     Faith    .   (no shield)
rNeg     . . .     Spirit   .   I - +0 scale mail
rPois    .         Reflect  .   (helmet restricted)
rElec    .         Harm     .   (no cloak)
rCorr    .         Rampage  .   g - +0 pair of gloves
Will     .....                  (no boots)
Stlth    +.........             h - amulet of regeneration
HPRegen  1.23/turn              l - +6 ring of dexterity
MPRegen  0.15/turn              i - +6 ring of dexterity

@: no status effects
A: horns 1, powered by pain 2, sharp scales 1
a: Renounce Religion, Depart the Abyss, Bend Space, Banish, Corrupt, Enter the
Abyss


You were on level 9 of the Dungeon.
You worshipped Lugonu.
Lugonu was extremely pleased with you.
You visited 1 branch of the dungeon, and saw 10 of its levels.
You visited the Abyss 1 time.
You also visited: Sewer and Ossuary.

You collected 499 gold pieces.
You spent 263 gold pieces at shops.

Inventory:

Hand Weapons
 w - a +2 vorpal long sword (weapon)
Missiles
 a - 59 sling bullets
 b - 56 poisoned darts (quivered)
 j - 297 stones
Armour
 c - a +0 ring mail
 g - a +0 pair of gloves (worn)
 A - a +0 chain mail
 I - a +0 scale mail (worn)
 K - a +0 plate armour
Jewellery
 h - an amulet of regeneration (around neck)
 i - a +6 ring of dexterity (right hand)
 l - a +6 ring of dexterity (left hand)
 n - a ring of wizardry
 v - a ring of flight
Wands
 C - a wand of flame (7)
 D - a wand of acid (5)
 L - a wand of polymorph (10)
 M - a wand of charming (8)
Scrolls
 d - 3 scrolls of fear
 e - 4 scrolls of blinking
 f - a scroll of amnesia
 k - 2 scrolls of magic mapping {unknown}
 o - 2 scrolls of enchant weapon
 p - 2 scrolls of immolation
 s - 5 scrolls of teleportation
 y - 2 scrolls of noise {unknown}
 H - 2 scrolls of fog
 J - a scroll of enchant armour {unknown}
 N - a scroll of identify
Potions
 m - 3 potions of haste {unknown}
 q - a potion of attraction {unknown}
 r - 9 potions of flight
 t - 4 potions of lignification
 u - 2 potions of might {unknown}
 x - a potion of resistance {unknown}
 z - 2 potions of berserk rage
 B - a potion of heal wounds
 E - a potion of magic {unknown}
 F - a potion of mutation {unknown}
 G - a potion of curing


   Skills:
 + Level 8.2 Fighting
 - Level 6.8 Long Blades
 - Level 0.2 Throwing
 - Level 6.3 Armour
 - Level 6.1 Dodging
 - Level 0.8 Stealth
 + Level 10.2 Invocations
 - Level 2.2 Evocations


You had 9 spell levels left.
You didn't know any spells.
Your spell library contained the following spells:

 Spells                   Type           Power      Damage    Failure   Level
 Freeze                   Ice            0%         1d3       69%         1
 Magic Dart               Conj           0%         1d3       69%         1
 Blink                    Tloc           N/A        N/A       83%         2
 Call Imp                 Summ           0%         N/A       83%         2
 Searing Ray              Conj           0%         3d3       83%         2
 Slow                     Hex            0%         N/A       83%         2
 Confusing Touch          Hex            0%         N/A       96%         3
 Conjure Flame            Conj/Fire      0%         6-21      96%         3
 Dazzling Flash           Conj/Hex       0%         N/A       96%         3
 Frozen Ramparts          Ice            0%         1d2       96%         3
 Gell's Gravitas          Tloc           0%         N/A       96%         3
 Mephitic Cloud           Conj/Pois/Air  0%         N/A       96%         3
 Ozocubu's Armour         Ice            0%         N/A       96%         3
 Fulminant Prism          Conj/Hex       0%         3d6       100%        4
 Hailstorm                Conj/Ice       0%         3d3       100%        4
 Iskenderun's Mystic Bla  Conj/Tloc      0%         2d3       100%        4
 Petrify                  Tmut/Erth      0%         N/A       100%        4
 Metabolic Englaciation   Hex/Ice        0%         N/A       100%        5
 Yara's Violent Unravell  Hex/Tmut       0%         3d3       100%        5


Dungeon Overview and Level Annotations

Branches:
Dungeon (10/15)            Temple (0/1) D:5            Lair (0/6) D:9
  Sewer (visited)         Ossuary (visited)
    Orc: D:9-12

Altars:
Okawaru
Ru
Sif Muna
Trog
Wu Jian
Yredelemnul
Zin
The Shining One

Shops:
D:2 (   D:3 ?

Annotations:
D:3 Sigmund
D:5 3 runed translucent doors, Darold's ghost, amateur HOMo


Innate Abilities, Weirdness & Mutations

You have a pair of small horns on your head.
You sometimes gain power by taking damage.
You are partially covered in razor-sharp scales. (AC +1, Slay +1)


Message History

You slash the yak!
The yak is heavily wounded.
The wyvern closely misses you.
You riposte.
You slash the wyvern!
The wyvern is moderately wounded.
The wyvern misses you. The yak closely misses you.
You barely miss the yak.
The yak is heavily wounded.
The wyvern bites you! The yak closely misses you. The wyvern bites you!
The wyvern closely misses you. The yak gores you but does no damage.
You climb upwards.
There is a stone staircase leading down here.
You barely miss the yak. You headbutt the yak.
The yak is severely wounded.
The wyvern closely misses you.
You riposte.
You hit the wyvern.
The wyvern is heavily wounded.
The yak gores you! The wyvern closely misses you.
You hit the yak.
The yak is severely wounded.
The wyvern completely misses you. The yak closely misses you.
You riposte.
Your scale mail prevents you from hitting the yak.
You headbutt the yak, but do no damage.
The yak is severely wounded.
You barely miss the yak.
The yak is severely wounded.
The wyvern bites you! The yak barely misses you. The wyvern misses you.
You hit the yak.
The yak is severely wounded.
The wyvern bites you!
* * * LOW HITPOINT WARNING * * *
The yak closely misses you. The yak gores you!
* * * LOW HITPOINT WARNING * * *
The wyvern bites you.
* * * LOW HITPOINT WARNING * * *
You see here a yak corpse.
You feel much better. The wyvern bites you!
* * * LOW HITPOINT WARNING * * *
The yak gores you!
You die...

#.........+....########.....#####
......................#.....#....
......................##....#....
.......................#....#....
.......................#....#....
.......[.....########'##....#....
.......8..................###....
..........................#......
...............l@.......))#......
...............>Y.........'.....#
.............########.....#.....#
..(.................#.....+.....#
..#.................#.....#.....#
..#........>........#.....###+###
..#.................#............
..#.................#.######.....
..#.................#.#....#.....


You could see a yak and a wyvern.

Vanquished Creatures
  A kobold demonologist (D:9)
  A komodo dragon (D:9)
  2 yaks
  A wyvern (D:8)
  A vampire mosquito (D:10)
  A steam dragon (D:9)
  An acid dragon (D:10)
  2 black bears (D:8)
  A sky beast (D:6)
  2 orc warriors (D:8)
  4 ogres
  6 necrophages
  5 centaurs
  2 kobold brigands
  3 bullfrogs
  3 elf zombies (Ossuary)
  3 scorpions
  A wyvern zombie (D:7)
  A water moccasin zombie (D:7)
  3 killer bees (D:9)
  3 wights
  4 jellies
  2 howler monkeys
  3 centaur zombies
  2 human zombies (Ossuary)
  A bullfrog skeleton (D:7)
  3 orc priests
  A gnoll shaman (D:7)
  4 hounds
  3 centaur skeletons
  Ijyb (D:3)
  7 orc wizards
  A scorpion zombie (D:5)
  A killer bee zombie (D:7)
  A hound zombie (Ossuary)
  2 howler monkey zombies
  3 mummies (Ossuary)
  10 gnolls
  A howler monkey skeleton (D:7)
  6 adders
  4 white imps
  3 adder skeletons
  6 adder zombies (Ossuary)
  5 worms (Sewer)
  A dart slug (D:3)
  31 orcs
  14 ball pythons
  7 endoplasms
  5 giant cockroaches
  5 goblins
  3 hobgoblins
  15 jackals
  23 kobolds
  7 quokkas
  7 bats
  3 frilled lizards
  2 gnoll zombies (Ossuary)
  3 goblin zombies (Ossuary)
  4 hobgoblin zombies (Ossuary)
  A jackal zombie (Ossuary)
  3 kobold zombies (Ossuary)
  An orc zombie (Ossuary)
  4 quokka zombies (Ossuary)
  3 rats
  3 rat zombies (Ossuary)
266 creatures vanquished.

Vanquished Creatures (others)
  32 plants (D:9)
  A withered plant (D:7)
33 creatures vanquished.

Grand Total: 299 creatures vanquished

Notes
Turn   | Place    | Note
-------+----------+-------------------------------------------
     0 | Abyss:1  | Matador8 the Demonspawn Abyssal Knight began the quest for
                  | the Orb.
     0 | Abyss:1  | Reached XP level 1. HP: 18/18 MP: 2/2
    12 | D:1      | Escaped the Abyss
   531 | D:1      | Gained mutation: You sometimes gain a little power by
                  | taking damage. [demonic ancestry]
   531 | D:1      | Reached XP level 2. HP: 24/24 MP: 4/4
  1553 | D:2      | Found a faded altar of an unknown god.
  1629 | D:2      | Gained mutation: You sometimes gain power by taking damage.
                  | [demonic ancestry]
  1629 | D:2      | Reached XP level 3. HP: 29/29 MP: 5/5
  1692 | D:2      | Reached ** piety under Lugonu
  1988 | D:2      | Reached skill level 3 in Invocations
  2037 | D:2      | Found Hezor's Antique Weapon Shoppe.
  2335 | D:3      | Reached XP level 4. HP: 35/35 MP: 6/6
  2370 | D:3      | Found a sacrificial altar of Ru.
  2400 | D:3      | Found Xuifegywk's Magic Scroll Boutique.
  2448 | D:3      | Bought a scroll of identify for 22 gold pieces
  2464 | D:3      | Bought a scroll of identify for 22 gold pieces
  2479 | D:3      | Noticed Sigmund
  2523 | D:3      | Noticed Ijyb
  2547 | D:3      | Killed Ijyb
  2889 | D:4      | Noticed an ogre
  2898 | D:3      | Reached XP level 5. HP: 41/41 MP: 7/7
  3007 | D:4      | Noticed a necrophage
  3443 | D:3      | Reached *** piety under Lugonu
  3583 | D:4      | Killed a necrophage
  3584 | D:4      | Reached skill level 5 in Long Blades
  3584 | D:4      | Reached skill level 4 in Invocations
  3584 | D:4      | Reached XP level 6. HP: 39/47 MP: 7/9
  3848 | D:4      | Found an iron altar of Okawaru.
  3875 | D:4      | Reached skill level 5 in Invocations
  4075 | D:4      | Gained mutation: You are partially covered in razor-sharp
                  | scales. (AC +1, Slay +1) [demonic ancestry]
  4075 | D:4      | Reached XP level 7. HP: 47/52 MP: 11/11
  4159 | D:4      | Reached skill level 6 in Invocations
  4463 | D:5      | Entered Level 5 of the Dungeon
  4571 | D:5      | Found a sand-covered staircase.
  4666 | D:5      | Reached skill level 7 in Invocations
  4679 | Ossuary  | Entered an ossuary
  4800 | Ossuary  | Reached **** piety under Lugonu
  4906 | Ossuary  | Reached XP level 8. HP: 61/61 MP: 13/13
  5032 | Ossuary  | Reached skill level 8 in Invocations
  5230 | D:5      | Found a shimmering blue altar of Sif Muna.
  5262 | D:5      | Found a runed translucent gate.
  5264 | D:5      | Found a runed translucent gate.
  5265 | D:5      | Found a runed translucent gate.
  5393 | D:5      | Found a staircase to the Ecumenical Temple.
  5550 | D:5      | Noticed Darold's ghost (amateur HOMo)
  5922 | D:6      | Reached skill level 5 in Fighting
  6056 | D:6      | Found a glowing drain.
  6083 | Sewer    | Entered a sewer
  6086 | Sewer    | Reached ***** piety under Lugonu
  6989 | D:6      | Reached skill level 1 in Evocations
  7114 | D:6      | Noticed a troll
  7114 | D:6      | Noticed a two-headed ogre
  7296 | D:3      | Bought a scroll of blinking for 82 gold pieces
  7296 | D:3      | Bought a scroll of blinking for 82 gold pieces
  7296 | D:3      | Bought a scroll of teleportation for 33 gold pieces
  7296 | D:3      | Bought a scroll of fog for 22 gold pieces
  7483 | D:6      | Reached skill level 9 in Invocations
  7491 | D:7      | Reached skill level 1 in Dodging
  7491 | D:7      | Gained mutation: You have a pair of small horns on your
                  | head. [demonic ancestry]
  7491 | D:7      | Reached XP level 9. HP: 65/71 MP: 15/15
  8349 | D:8      | Found an ornate altar of the Wu Jian Council.
  8350 | D:8      | Found a bloodstained altar of Trog.
  8445 | D:8      | Found a basalt altar of Yredelemnul.
  8716 | D:7      | Reached skill level 5 in Armour
  8988 | D:9      | Reached skill level 5 in Dodging
  8988 | D:9      | Reached XP level 10. HP: 72/79 MP: 16/16
  9353 | D:9      | Noticed a boulder beetle
  9369 | D:9      | Banished a boulder beetle
  9645 | D:9      | Found a staircase to the Lair.
  9690 | D:9      | Identified the +6 quarterstaff of Waddetree {vorpal, rCorr}
  9887 | D:10     | Entered Level 10 of the Dungeon
 10042 | D:10     | Reached skill level 10 in Invocations
 10176 | D:9      | Slain by a yak

Illustrated notes

Levels and vault maps discovered:
D:1:      minmay_arrival_split_and_join, layout_basic
D:2:      layout_loops_ring, ebering_ecumenical_altar_rust, serial_shops, shop
D:3:      layout_basic, tso_metal_star, nicolae_ru_the_path_less_chosen,
          serial_shops, nicolae_shop_window_shopping, uniq_sigmund, uniq_ijyb
D:4:      layout_basic, nicolae_overflow_crystal_walls,
          kennysheep_generic_room_16
D:5:      layout_basic, kennysheep_mini_moat, minmay_temple_entry_nine_rooms,
          nicolae_ossuary_entry_false_entrances, gammafunk_ghost_split
D:6:      layout_cave_pools, gup_sewer_entry_glass, lightli_corner_chamber
D:7:      layout_gridville, serial_undead, serial_undead_a, serial_undead_c,
          serial_undead_b, serial_undead_e
D:8:      layout_rooms, nicolae_overflow_hidden_temple,
          chequers_temple_overflow_statue_of_worship, lemuel_another_geyser
D:9:      layout_irregular_city, david_lair_shrubbed, minivault_16
D:10:     cheibrodos_barr_body, layout_basic, ebering_ghost_disaster_area,
          minmay_fractal_squares_gapless_5

Skill      XL: |  1  2  3  4  5  6  7  8  9 10 |
---------------+-------------------------------+-----
Long Blades    | 2 3 4 5 6 |  6.8
Invocations    | 3 4 5 7 9 10 | 10.2
Fighting       | 4 6 7 8 |  8.2
Evocations     | 2 |  2.2
Armour         | 2 5 6 |  6.3
Dodging        | 1 5 6 |  6.1
Throwing       | |  0.2
Stealth        | |  0.8

Action                   |  1- 3 |  4- 6 |  7- 9 | 10-12 || total
-------------------------+-------+-------+-------+-------++-------
Melee: Falchion          |   114 |   165 |       |       ||   279
       Long sword        |       |    12 |   498 |   123 ||   633
       Headbutt          |       |       |    48 |    35 ||    83
Throw: Stone             |     2 |    14 |     6 |       ||    22
       Throwing net      |       |     2 |       |       ||     2
       Dart              |       |       |    24 |     2 ||    26
Invok: Bend Space        |       |     1 |     1 |       ||     2
       Banish            |       |       |     1 |     3 ||     4
Evoke: Wand              |       |    10 |     4 |     7 ||    21
  Use: Scroll            |       |     5 |     8 |     1 ||    14
       Potion            |       |       |     1 |     2 ||     3
 Stab: Sleeping          |       |       |     1 |       ||     1
Armor: Leather armour    |     3 |       |       |       ||     3
       Ring mail         |    53 |    55 |   149 |       ||   257
       Scale mail        |       |       |    33 |    54 ||    87
Dodge: Dodged            |    65 |    91 |   254 |    93 ||   503
       Rpst.: Falchion   |    20 |    27 |       |       ||    47
       Long sword        |       |     1 |    73 |    17 ||    91

Table legend: (Time is in decaauts)
 A = Elapsed time spent in this place.
 B = Non-inter-level travel time spent in this place.
 C = Inter-level travel time spent in this place.
 D = Time resting spent in this place.
 E = Time spent auto-exploring this place.
 F = Levels seen in this place.
 G = Mean time per level.
                   A        B        C        D        E       F      G
               +--------+--------+--------+--------+--------+-----+--------+
         Total |  10422 |   9750 |    672 |    800 |   4800 |  13 |  801.7 |
       Dungeon |   9325 |   8653 |    672 |    800 |   4303 |  10 |  932.5 |
         Abyss |     12 |     12 |      0 |      0 |      0 |   1 |   12.0 |
         Sewer |    654 |    654 |      0 |      0 |    432 |   1 |  654.0 |
       Ossuary |    430 |    430 |      0 |      0 |     65 |   1 |  430.0 |
               +--------+--------+--------+--------+--------+-----+--------+

Top non-repeatable levels by time:
     D:4: 1283 daAuts
     D:1: 1261 daAuts
     D:2: 1152 daAuts
     D:3: 1079 daAuts
     D:9: 1073 daAuts
     D:5: 983 daAuts
     D:7: 859 daAuts
     D:6: 780 daAuts
   Sewer: 654 daAuts
     D:8: 647 daAuts
 Ossuary: 430 daAuts
    D:10: 204 daAuts
 Abyss:1: 12 daAuts
